 Dungeon Crawl Stone Soup version 0.27-a0-1332-g84bddb5ca7 (webtiles) character file.

Game seed: 12910424964553226921

518 hatdisgam the Chopper (level 7, -3/57 HPs)
             Began as a Hill Orc Fighter on June 25, 2021.
             Slain by a water moccasin (5 damage)
             ... on level 5 of the Dungeon.
             The game lasted 00:05:51 (5053 turns).

hatdisgam the Chopper (Hill Orc Fighter)            Turns: 5053, Time: 00:05:53

Health: -3/57      AC:  6    Str: 21    XL:     7   Next: 21%
Magic:  7/7        EV:  8    Int:  8    God:
Gold:   102        SH: 10    Dex: 10    Spells: 6/6 levels left

rFire    . . .     SeeInvis .   a - +0 war axe
rCold    . . .     Faith    .   c - +0 kite shield
rNeg     . . .     Spirit   .   b - +0 scale mail
rPois    .         Reflect  .   (no helmet)
rElec    .         Harm     .   (no cloak)
rCorr    .         Rampage  .   (no gloves)
Will     .....                  (no boots)
Stlth    ..........             (no amulet)
HPRegen  0.19/turn              (no ring)
MPRegen  0.10/turn              (no ring)

@: no status effects
A: no striking features
a: no special abilities


You were on level 5 of the Dungeon.
You visited 1 branch of the dungeon, and saw 5 of its levels.

You collected 102 gold pieces.

Inventory:

Hand Weapons
 a - a +0 war axe (weapon)
Armour
 b - a +0 scale mail (worn)
 c - a +0 kite shield (worn)
Wands
 d - a wand of acid (13)
Scrolls
 f - 2 scrolls of fear {unknown}
 g - 4 scrolls of enchant armour {unknown}
 h - 3 scrolls of identify {unknown}
 i - 2 scrolls of immolation
 j - 2 scrolls of acquirement {unknown}
 k - a scroll of summoning {unknown}
 l - a scroll of torment {unknown}
 n - 2 scrolls of amnesia {unknown}


   Skills:
 - Level 3.6 Fighting
 * Level 7.3 Axes
 - Level 3.2 Armour
 + Level 2.7 Dodging
 + Level 5.2 Shields


You had 6 spell levels left.
You didn't know any spells.
Your spell library contained the following spells:

 Spells                   Type           Power      Damage    Failure   Level
 Freeze                   Ice            0%         1d3       99%         1
 Confusing Touch          Hex            0%         N/A       100%        3
 Frozen Ramparts          Ice            0%         1d2       100%        3
 Gell's Gravitas          Tloc           0%         N/A       100%        3
 Ozocubu's Armour         Ice            0%         N/A       100%        3
 Hailstorm                Conj/Ice       0%         3d3       100%        4
 Petrify                  Tmut/Erth      0%         N/A       100%        4
 Metabolic Englaciation   Hex/Ice        0%         N/A       100%        5
 Yara's Violent Unravell  Hex/Tmut       0%         3d3       100%        5


Dungeon Overview and Level Annotations

Branches:
Dungeon (5/15)             Temple (0/1) D:4

Altars:


Message History

You are more poisoned.
The water moccasin poisons you! The water moccasin barely misses you.
You slash the water moccasin!
The water moccasin is heavily wounded.
You feel very sick. You block the water moccasin's attack.
The water moccasin bites you but does no damage.
Your shield and scale mail prevent you from hitting the water moccasin.
The water moccasin is heavily wounded.
You feel very sick. The water moccasin closely misses you.
You block the water moccasin's attack.
You barely miss the water moccasin.
The water moccasin is heavily wounded.
You feel very sick. The water moccasin closely misses you.
You block the water moccasin's attack.
You barely miss the water moccasin.
The water moccasin is heavily wounded.
You feel sick. The water moccasin bites you!
* * * LOW HITPOINT WARNING * * *
The water moccasin closely misses you.
You aren't carrying any potions.
You hit the water moccasin.
The water moccasin is heavily wounded.
* * * LOW HITPOINT WARNING * * *
You feel sick.
You block the water moccasin's attack. x2
You slash the water moccasin!
The water moccasin is almost dead.
You feel sick. You block the water moccasin's attack.
The water moccasin barely misses you.
You miss the water moccasin.
The water moccasin is almost dead.
You feel sick. You block the water moccasin's attack.
The water moccasin barely misses you.
You miss the water moccasin.
The water moccasin is almost dead.
* * * LOW HITPOINT WARNING * * *
You feel sick.
You are no longer poisoned.
The water moccasin bites you.
You die...

####. .... ...
... #+ #.# #
#..###.####.####
#..)...#<รท......
#(....@Ss.......
#......#........
#......#........
######+###..##...
####
..##...##..##
...#........#
...#........#
..#........#
#.......<#


You could see a water moccasin and a scorpion.

Vanquished Creatures
  An ogre (D:2)
  A killer bee (D:5)
  4 wights (D:4)
  A jelly (D:4)
  2 iguanas
  A gnoll (D:1)
  3 adders
  A worm (D:4)
  A dart slug (D:2)
  4 orcs (D:4)
  12 ball pythons
  11 endoplasms
  6 giant cockroaches
  5 goblins
  8 hobgoblins
  14 jackals
  5 quokkas
  7 bats
  2 frilled lizards
  8 kobolds
  5 rats
102 creatures vanquished.

Notes
Turn   | Place    | Note
-------+----------+-------------------------------------------
     0 | D:1      | hatdisgam the Hill Orc Fighter began the quest for the Orb.
     0 | D:1      | Reached XP level 1. HP: 19/19 MP: 1/1
   160 | D:1      | Reached skill level 3 in Axes
   261 | D:1      | Reached XP level 2. HP: 26/26 MP: 2/2
   473 | D:1      | Reached XP level 3. HP: 31/31 MP: 3/3
   500 | D:1      | Reached skill level 4 in Axes
   500 | D:1      | Reached skill level 1 in Dodging
  1488 | D:2      | Reached XP level 4. HP: 36/39 MP: 4/4
  1639 | D:2      | Noticed an ogre
  1647 | D:2      | Killed an ogre
  1648 | D:2      | Reached skill level 5 in Axes
  1648 | D:2      | Reached XP level 5. HP: 41/45 MP: 5/5
  2171 | D:2      | Found a faded altar of an unknown god.
  3149 | D:4      | Reached skill level 6 in Axes
  3149 | D:4      | Reached XP level 6. HP: 48/51 MP: 6/6
  3687 | D:4      | Reached skill level 5 in Shields
  3905 | D:4      | Reached skill level 7 in Axes
  3905 | D:4      | Reached XP level 7. HP: 57/57 MP: 7/7
  4067 | D:4      | Found a staircase to the Ecumenical Temple.
  4128 | D:5      | Entered Level 5 of the Dungeon
  5053 | D:5      | HP: 2/57 [poisoned by a water moccasin]
  5053 | D:5      | Slain by a water moccasin

Illustrated notes

Levels and vault maps discovered:
D:1:      dpeg_arrival_shrine, layout_basic, due_unseen_surprise
D:2:      layout_loops_ring, hellmonk_ecumenical_altar_blasted, serial_forest,
          infiniplex_forest_lined_3, infiniplex_forest_join,
          infiniplex_forest_fountain, infiniplex_forest_zigzag_1,
          infiniplex_forest_lined_2
D:3:      layout_rooms, grunt_ministairs_13, interstate_on_off
D:4:      layout_basic, minmay_temple_entry_fiery, wad_orctagon
D:5:      layout_gridville, ebering_ghost_sewer_d,
          minmay_fractal_squares_diagonal_5

Skill      XL: |  1  2  3  4  5  6 |
---------------+-------------------+-----
Axes           | 3 4 5 6 7 |  7.3
Dodging        | 1 2 |  2.7
Shields        | 4 5 |  5.2
Fighting       | |  3.6
Armour         | |  3.2

Action                   |  1- 3 |  4- 6 |  7- 9 || total
-------------------------+-------+-------+-------++-------
Melee: War axe           |    92 |   168 |    53 ||   313
  Use: Potion            |       |     1 |     1 ||     2
       Scroll            |       |       |     2 ||     2
Armor: Scale mail        |    39 |    48 |    28 ||   115
Dodge: Dodged            |    25 |    51 |    31 ||   107
Block: Kite shield       |    66 |    87 |    44 ||   197

Table legend: (Time is in decaauts)
 A = Elapsed time spent in this place.
 B = Non-inter-level travel time spent in this place.
 C = Inter-level travel time spent in this place.
 D = Time resting spent in this place.
 E = Time spent auto-exploring this place.
 F = Levels seen in this place.
 G = Mean time per level.
                   A        B        C        D        E       F      G
               +--------+--------+--------+--------+--------+-----+--------+
         Total |   5195 |   4983 |    212 |    724 |   3531 |   5 | 1039.0 |
       Dungeon |   5195 |   4983 |    212 |    724 |   3531 |   5 | 1039.0 |
               +--------+--------+--------+--------+--------+-----+--------+

Top non-repeatable levels by time:
     D:1: 1419 daAuts
     D:4: 1362 daAuts
     D:3: 1251 daAuts
     D:2: 1030 daAuts
     D:5: 131 daAuts
